Map: Cerulean Fall LE

Players

HoRNET - Winner!

  • Race: Protoss Protoss
  • League: Platinum
  • Spawn Location: 7:00

totokuitro

  • Race: Terran Terran
  • League: Silver
  • Spawn Location: 1:00

VOD

Have the link to the VOD?

Description

Time

  • Played on: Dec. 15, 2018, 12:38 a.m.
  • Length: 5:41
Show
View Real Time Build Order
Export as new Build Order

HoRNET Protoss - Winner!

Build Orders: 1 Gate Expand 

Get SALT Encoding   

  12  0:11  Probe  
  12  0:13  Pylon  
  13  0:19  Probe  
  14  0:40  Gateway  
  14  0:52  Probe  
  15  1:10  Nexus  
  15  1:13  Probe  
  16  1:21  Probe  
  17  1:37  Zealot  
  18  1:47  Cybernetics Core  
  18  1:57  Zealot  
  20  2:21  Zealot  
  20  2:27  Forge  
  20  2:28  Probe  
  23  2:40  Probe  
  24  3:10  Pylon  
  24  3:13  Pylon  
  22  3:35  Shield Battery  
  22  3:39  Shield Battery  
  22  3:40  Shield Battery  
  22  3:41  Shield Battery  
  22  3:49  Probe  
  22  3:57  Probe  
  23  4:42  Probe  
Show
View Real Time Build Order
Export as new Build Order

totokuitro Terran 

Build Orders:  

Get SALT Encoding   

  12  0:01  SCV  
  13  0:13  SCV  
  14  0:24  Supply Depot  
  14  0:26  Refinery  
  14  0:29  SCV  
  15  0:45  SCV  
  15  0:48  Barracks  
  16  0:57  SCV  
  16  1:02  Refinery  
  17  1:09  SCV  
  18  1:27  SCV  
  19  1:36  Supply Depot  
  20  1:40  SCV  
  20  1:44  Marine  
  21  1:52  SCV  
  22  1:57  Factory  
  22  2:02  Marine  
  24  2:10  Orbital Command  
  23  2:19  Marine  
  24  2:26  Barracks  
  24  2:43  Factory Reactor  
  24  2:45  Barracks Tech Lab  
  24  2:47  SCV  
  25  2:53  Starport  
  25  2:59  SCV  
  25  3:04  Marauder  
  28  3:12  Combat Shield  
  22  3:25  Marine  
  22  3:43  Marine  
  22  3:48  Hellion x2  
  25  4:00  Marine  
  23  4:18  Marine  
  24  4:27  Hellion  
  25  4:36  Marine  
  9  4:47  Marine  
  9  4:48  Hellion  
  7  4:54  Marauder  
  9  5:05  Marine  
  8  5:10  Hellion  
  9  5:15  Marine  
  6  5:22  Marine  
Tags
 
Add a new tag
Caveats
  • Supply blocks, unpowered buildings, or Contaminate may cause inaccurate times.
  • Supply counts are checked every 10 seconds.